| TOP OF THE 1ST |
|
Lehigh Valley IronPigs batting - Pitching for Syracuse Chiefs : RHP Jason Cheek
|
|
Pitching: RHP Jason Cheek
|
|
|
Batting: LHB Chris Moody
|
0-0: Ball 1-0: Called Strike 1-1: Ball 2-1: Ball 3-1: Fly out, F5 (Popup, 5SF, EV 70.0 MPH)
|
|
Batting: RHB Mark Schultz
|
0-0: Ball 1-0: DOUBLE (Line Drive, 89D, EV 115.0 MPH)
|
|
Batting: RHB Melchor Sovrivilla
|
0-0: Ball 1-0: Foul Ball, location: 2F 1-1: Ball 2-1: Ball 3-1: Ground out 4-3 (Groundball, 4S, EV 86.9 MPH) Mark Schultz to third
|
|
Batting: RHB Jose Leon
|
0-0: Foul Ball, location: 2F 0-1: Swinging Strike 0-2: Strikes out swinging
|
| Top of the 1st over - 0 runs, 1 hit, 0 errors, 1 left on base; Lehigh Valley 0 - Syracuse 0 |
| BOTTOM OF THE 1ST |
|
Syracuse Chiefs batting - Pitching for Lehigh Valley IronPigs : RHP Lida Sestak
|
|
Pitching: RHP Lida Sestak
|
|
|
Batting: RHB Dusty Ballard
|
0-0: Ball 1-0: Ball 2-0: Ball 3-0: Called Strike 3-1: Base on Balls
|
|
Batting: RHB Hisayuki Akiyama
|
0-0: Ball Dusty Ballard steals 2nd base (no throw) 1-0: Ball 2-0: Called Strike 2-1: Ball 3-1: Ground out 5-3 (Groundball, 56S, EV 88.1 MPH)
|
|
Batting: LHB Tim Olsen
|
0-0: Foul Ball, location: 2F 0-1: Called Strike 0-2: Foul Ball, location: 2F 0-2: Ball 1-2: Ground out 3-1 (Groundball, 34, EV 105.0 MPH) Dusty Ballard to third
|
|
Batting: LHB Jae-ik Soung
|
0-0: Ground out 4-3 (Groundball, 4M, EV 83.1 MPH)
|
| Bottom of the 1st over - 0 runs, 0 hits, 0 errors, 1 left on base; Lehigh Valley 0 - Syracuse 0 |
| TOP OF THE 2ND |
|
Lehigh Valley IronPigs batting - Pitching for Syracuse Chiefs : RHP Jason Cheek
|
|
Batting: LHB Danny Hill
|
0-0: Ball 1-0: Foul Ball, location: 2F 1-1: Ball 2-1: Ball 3-1: Swinging Strike 3-2: Foul Ball, location: 2F 3-2: SINGLE (Line Drive, 7S, EV 96.9 MPH)
|
|
Batting: SHB Josh Schultze
|
0-0: Swinging Strike 0-1: Ball 1-1: Foul Ball, location: 2F 1-2: Ground out U3 (Groundball, 3, EV 91.2 MPH) Danny Hill to second
|
|
Batting: SHB Kaname Fujimoto
|
0-0: Called Strike 0-1: Fly out, F9 (Line Drive, 89M, EV 104.4 MPH)
|
|
Batting: LHB Pat Shaddock
|
0-0: Ball 1-0: Ball 2-0: Ball 3-0: Called Strike 3-1: Called Strike 3-2: Foul Ball, location: 2F 3-2: SINGLE (Groundball, 6D, EV 93.8 MPH) Danny Hill to third Runner from 3rd tries for Home, SAFE, throw by LF to home
|
|
Batting: RHB Francisco Viera
|
0-0: Ball 1-0: Ball 2-0: Ball 3-0: Called Strike 3-1: Called Strike 3-2: Ground out 6-3 (Groundball, 6S, EV 89.4 MPH)
|
| Top of the 2nd over - 1 run, 2 hits, 0 errors, 1 left on base; Lehigh Valley 1 - Syracuse 0 |
| BOTTOM OF THE 2ND |
|
Syracuse Chiefs batting - Pitching for Lehigh Valley IronPigs : RHP Lida Sestak
|
|
Batting: RHB Antonio Laurel
|
0-0: Called Strike 0-1: Ground out 6-3 (Groundball, 56D, EV 86.2 MPH)
|
|
Batting: LHB Alexis Cantu
|
0-0: Fly out, F7 (Flyball, 7, EV 88.8 MPH)
|
|
Batting: RHB Nate Dickinson
|
0-0: Called Strike 0-1: Called Strike 0-2: Foul Ball, location: 2F 0-2: Ground out 6-3 (Groundball, 6, EV 103.8 MPH)
|
| Bottom of the 2nd over - 0 runs, 0 hits, 0 errors, 0 left on base; Lehigh Valley 1 - Syracuse 0 |
| TOP OF THE 3RD |
|
Lehigh Valley IronPigs batting - Pitching for Syracuse Chiefs : RHP Jason Cheek
|
|
Batting: LHB Chris Moody
|
0-0: Ball 1-0: Ball 2-0: Called Strike 2-1: Swinging Strike 2-2: Foul Ball, location: 2F 2-2: Foul Ball, location: 2F 2-2: Strikes out swinging
|
|
Batting: RHB Mark Schultz
|
0-0: Called Strike 0-1: Fly out, F4 (Popup, 4M, EV 76.9 MPH)
|
|
Batting: RHB Melchor Sovrivilla
|
0-0: Called Strike 0-1: Ball 1-1: Ball 2-1: SINGLE (Line Drive, 3D, EV 96.9 MPH)
|
|
Batting: RHB Jose Leon
|
0-0: Called Strike 0-1: Ball 1-1: Fly out, F7 (Line Drive, 78M, EV 95.0 MPH)
|
| Top of the 3rd over - 0 runs, 1 hit, 0 errors, 1 left on base; Lehigh Valley 1 - Syracuse 0 |
| BOTTOM OF THE 3RD |
|
Syracuse Chiefs batting - Pitching for Lehigh Valley IronPigs : RHP Lida Sestak
|
|
Batting: LHB Evan Oliveri
|
0-0: Swinging Strike 0-1: Called Strike 0-2: Ground out 4-3 (Groundball, 4, EV 104.4 MPH)
|
|
Batting: RHB Willie de los Santos
|
0-0: Called Strike 0-1: Swinging Strike 0-2: Foul Ball, location: 2F 0-2: Foul Ball, location: 2F 0-2: Hit by Pitch
|
|
Batting: RHB Dusty Ballard
|
0-0: Ball 1-0: Foul Ball, location: 2F 1-1: Ball 2-1: Swinging Strike 2-2: Grounds into double play, 6-4-3 (Groundball, 6, EV 83.8 MPH)
|
| Bottom of the 3rd over - 0 runs, 0 hits, 0 errors, 0 left on base; Lehigh Valley 1 - Syracuse 0 |
| TOP OF THE 4TH |
|
Lehigh Valley IronPigs batting - Pitching for Syracuse Chiefs : RHP Jason Cheek
|
|
Batting: LHB Danny Hill
|
0-0: Swinging Strike 0-1: DOUBLE (Groundball, 5L, EV 108.8 MPH)
|
|
Batting: SHB Josh Schultze
|
0-0: Ball 1-0: Called Strike 1-1: Foul Ball, location: 2F 1-2: SINGLE (Flyball, 78S, EV 91.2 MPH) Danny Hill to third
|
|
Batting: SHB Kaname Fujimoto
|
0-0: Ball 1-0: Called Strike 1-1: Swinging Strike 1-2: Ball 2-2: Strikes out swinging
|
|
Batting: LHB Pat Shaddock
|
0-0: Called Strike 0-1: Foul Ball, location: 2F 0-2: Foul Ball, location: 2F 0-2: Ball 1-2: Strikes out swinging
|
|
Batting: RHB Francisco Viera
|
0-0: Foul Ball, location: 2F 0-1: Foul Ball, location: 2F 0-2: SINGLE (Flyball, 7LM, EV 93.1 MPH) Danny Hill scores Josh Schultze to second
|
|
Batting: LHB Chris Moody
|
0-0: Ball 1-0: Ball 2-0: Called Strike 2-1: Ball 3-1: Called Strike 3-2: Fly out, F9 (Flyball, 9, EV 90.6 MPH)
|
| Top of the 4th over - 1 run, 3 hits, 0 errors, 2 left on base; Lehigh Valley 2 - Syracuse 0 |
| BOTTOM OF THE 4TH |
|
Syracuse Chiefs batting - Pitching for Lehigh Valley IronPigs : RHP Lida Sestak
|
|
Batting: RHB Hisayuki Akiyama
|
0-0: Foul Ball, location: 2F 0-1: Ball 1-1: SINGLE (Groundball, 56S, EV 69.4 MPH) (infield hit)
|
|
Batting: LHB Tim Olsen
|
0-0: Ball Hisayuki Akiyama is caught stealing 2nd base 2-6 1-0: Swinging Strike 1-1: SINGLE (Line Drive, 9S, EV 110.0 MPH)
|
|
Batting: LHB Jae-ik Soung
|
0-0: Called Strike 0-1: Ball 1-1: Ball 2-1: Fielders Choice at 2nd, 4-6 (Groundball, 34, EV 101.9 MPH)
|
|
Batting: RHB Antonio Laurel
|
0-0: Ball 1-0: Ball 2-0: Ball 3-0: Base on Balls Jae-ik Soung to second
|
|
Batting: LHB Alexis Cantu
|
0-0: Ball 1-0: Swinging Strike 1-1: Fly out, F7 (Line Drive, 7LM, EV 96.2 MPH)
|
| Bottom of the 4th over - 0 runs, 2 hits, 0 errors, 2 left on base; Lehigh Valley 2 - Syracuse 0 |
| TOP OF THE 5TH |
|
Lehigh Valley IronPigs batting - Pitching for Syracuse Chiefs : RHP Jason Cheek
|
|
Batting: RHB Mark Schultz
|
0-0: Called Strike 0-1: Swinging Strike 0-2: Strikes out swinging
|
|
Batting: RHB Melchor Sovrivilla
|
0-0: Ball 1-0: Foul Ball, location: 2F 1-1: Ground out 6-3 (Groundball, 6, EV 77.5 MPH)
|
|
Batting: RHB Jose Leon
|
0-0: Called Strike 0-1: Ball 1-1: Called Strike 1-2: Foul Ball, location: 2F 1-2: Ball 2-2: Strikes out swinging
|
| Top of the 5th over - 0 runs, 0 hits, 0 errors, 0 left on base; Lehigh Valley 2 - Syracuse 0 |
| BOTTOM OF THE 5TH |
|
Syracuse Chiefs batting - Pitching for Lehigh Valley IronPigs : RHP Lida Sestak
|
|
Batting: RHB Nate Dickinson
|
0-0: Called Strike 0-1: Ball 1-1: Ball 2-1: Swinging Strike 2-2: Ball 3-2: Base on Balls
|
|
Batting: LHB Evan Oliveri
|
0-0: Called Strike Nate Dickinson steals 2nd, throwing error, E2 Nate Dickinson to third 0-1: Called Strike 0-2: SINGLE (Flyball, 56D, EV 86.2 MPH) Nate Dickinson scores
|
|
Batting: RHB Willie de los Santos
|
0-0: Swinging Strike 0-1: Ball 1-1: Ball 2-1: Ball 3-1: Base on Balls Evan Oliveri to second
|
|
Batting: RHB Dusty Ballard
|
0-0: Ball 1-0: Ball 2-0: Foul Ball, location: 2F 2-1: Ball 3-1: Grounds into double play, 6-4-3 (Groundball, 6, EV 83.1 MPH) Evan Oliveri to third
|
|
Batting: RHB Hisayuki Akiyama
|
0-0: Swinging Strike 0-1: Ball 1-1: Foul Ball, location: 2F 1-2: Ball 2-2: Foul Ball, location: 2F 2-2: Foul Ball, location: 2F 2-2: Foul Ball, location: 2F 2-2: SINGLE (Line Drive, 6MD, EV 99.4 MPH) Evan Oliveri scores
|
|
Batting: LHB Tim Olsen
|
0-0: Called Strike Hisayuki Akiyama steals 2nd, throwing error, E2 Hisayuki Akiyama to third 0-1: Swinging Strike 0-2: Strikes out looking
|
| Bottom of the 5th over - 2 runs, 2 hits, 2 errors, 1 left on base; Lehigh Valley 2 - Syracuse 2 |
| TOP OF THE 6TH |
|
Lehigh Valley IronPigs batting - Pitching for Syracuse Chiefs : RHP Jason Cheek
|
|
Batting: LHB Danny Hill
|
0-0: Called Strike 0-1: Fly out, F9 (Flyball, 9LS, EV 85.6 MPH)
|
|
Batting: SHB Josh Schultze
|
0-0: SINGLE (Flyball, 8LS, EV 86.9 MPH)
|
|
Batting: SHB Kaname Fujimoto
|
0-0: Called Strike 0-1: Foul Ball, location: 2F 0-2: Ball 1-2: Ball 2-2: Strikes out swinging
|
|
Pitching: LHP John Murray
|
|
|
Batting: LHB Pat Shaddock
|
0-0: Foul Ball, location: 2F 0-1: Ball 1-1: Called Strike 1-2: Ball 2-2: Foul Ball, location: 2F 2-2: Fly out, F8 (Flyball, 89M, EV 88.1 MPH)
|
| Top of the 6th over - 0 runs, 1 hit, 0 errors, 1 left on base; Lehigh Valley 2 - Syracuse 2 |
| BOTTOM OF THE 6TH |
|
Syracuse Chiefs batting - Pitching for Lehigh Valley IronPigs : RHP Lida Sestak
|
|
Batting: LHB Jae-ik Soung
|
0-0: Foul Ball, location: 2F 0-1: Ball 1-1: Ball 2-1: Foul Ball, location: 2F 2-2: Ball 3-2: Base on Balls
|
|
Batting: RHB Antonio Laurel
|
0-0: Fly out, F6 (Popup, 6, EV 66.2 MPH)
|
|
Batting: LHB Alexis Cantu
|
0-0: Ball 1-0: Ball 2-0: Ball 3-0: Base on Balls Jae-ik Soung to second
|
|
Batting: RHB Nate Dickinson
|
0-0: Ball 1-0: Ball 2-0: Foul Ball, location: 2F 2-1: Ball 3-1: Base on Balls Jae-ik Soung to third Alexis Cantu to second
|
|
Batting: LHB Evan Oliveri
|
0-0: Foul Ball, location: 2F 0-1: Ball 1-1: Hit by Pitch Jae-ik Soung scores Alexis Cantu to third Nate Dickinson to second
|
|
Pitching: RHP William-Floyd Goof
|
|
|
Batting: RHB Willie de los Santos
|
0-0: Called Strike 0-1: Foul Ball, location: 2F 0-2: Ball 1-2: Strikes out swinging
|
|
Batting: RHB Dusty Ballard
|
0-0: Ball 1-0: Called Strike 1-1: Swinging Strike 1-2: Strikes out looking
|
| Bottom of the 6th over - 1 run, 0 hits, 0 errors, 3 left on base; Lehigh Valley 2 - Syracuse 3 |
| TOP OF THE 7TH |
|
Lehigh Valley IronPigs batting - Pitching for Syracuse Chiefs : LHP John Murray
|
|
Batting: RHB Francisco Viera
|
0-0: Ball 1-0: Ball 2-0: Fly out, F8 (Flyball, 8RD, EV 89.4 MPH)
|
|
Pinch Hitting: RHB Bill Moldenhauer
|
0-0: Called Strike 0-1: Ground out 6-3 (Groundball, 56D, EV 97.5 MPH)
|
|
Batting: RHB Mark Schultz
|
0-0: Ball 1-0: SINGLE (Groundball, 56D, EV 98.8 MPH)
|
|
Batting: RHB Melchor Sovrivilla
|
0-0: Called Strike 0-1: Ball 1-1: Ball 2-1: Foul Ball, location: 2F 2-2: Foul Ball, location: 2F 2-2: Ground out 5-3 (Groundball, 56S, EV 69.4 MPH)
|
| Top of the 7th over - 0 runs, 1 hit, 0 errors, 1 left on base; Lehigh Valley 2 - Syracuse 3 |
| BOTTOM OF THE 7TH |
|
Syracuse Chiefs batting - Pitching for Lehigh Valley IronPigs : RHP William-Floyd Goof
|
|
Now in CF: Jose Carlos
|
|
|
Batting: RHB Hisayuki Akiyama
|
0-0: Called Strike 0-1: Swinging Strike 0-2: Ball 1-2: Ball 2-2: Ball 3-2: Base on Balls
|
|
Batting: LHB Tim Olsen
|
0-0: Ball 1-0: SINGLE (Line Drive, 89S, EV 111.2 MPH) Hisayuki Akiyama to second
|
|
Batting: LHB Jae-ik Soung
|
0-0: Ball 1-0: Called Strike 1-1: Foul Ball, location: 2F 1-2: Foul Ball, location: 2F 1-2: Ball 2-2: Foul Ball, location: 2F 2-2: Ball 3-2: Foul Ball, location: 2F 3-2: Base on Balls Hisayuki Akiyama to third Tim Olsen to second
|
|
Batting: RHB Antonio Laurel
|
0-0: Called Strike 0-1: Swinging Strike 0-2: Foul Ball, location: 2F 0-2: Ball 1-2: Ball 2-2: Foul Ball, location: 2F 2-2: Ball 3-2: Base on Balls Hisayuki Akiyama scores Tim Olsen to third Jae-ik Soung to second
|
|
Batting: LHB Alexis Cantu
|
0-0: Called Strike 0-1: Ball 1-1: Ball 2-1: Swinging Strike 2-2: Foul Ball, location: 2F 2-2: Foul Ball, location: 2F 2-2: Strikes out swinging
|
|
Batting: RHB Nate Dickinson
|
0-0: Called Strike 0-1: Called Strike 0-2: Foul Ball, location: 2F 0-2: Ball 1-2: Strikes out swinging
|
|
Pitching: LHP Brian Wildrick
|
|
|
Batting: LHB Evan Oliveri
|
0-0: Ball 1-0: Called Strike 1-1: Fly out, F7 (Flyball, 7S, EV 92.5 MPH)
|
| Bottom of the 7th over - 1 run, 1 hit, 0 errors, 3 left on base; Lehigh Valley 2 - Syracuse 4 |
| TOP OF THE 8TH |
|
Lehigh Valley IronPigs batting - Pitching for Syracuse Chiefs : LHP John Murray
|
|
Batting: RHB Jose Leon
|
0-0: Foul Ball, location: 2F 0-1: SOLO HOME RUN (Line Drive, 7D, EV 96.9 MPH), Distance : 360 ft
|
|
Pinch Hitting: RHB Xavier Castellanos
|
0-0: Called Strike 0-1: Ball 1-1: Ball 2-1: Called Strike 2-2: Strikes out swinging
|
|
Batting: SHB Josh Schultze
|
0-0: Ball 1-0: Foul Ball, location: 2F 1-1: Swinging Strike 1-2: Ball 2-2: SINGLE (Groundball, 56D, EV 108.8 MPH)
|
|
Batting: SHB Kaname Fujimoto
|
0-0: Ball 1-0: Called Strike 1-1: Foul Ball, location: 2F 1-2: Ball 2-2: Fielders Choice at 2nd, 6-4 (Groundball, 6, EV 84.4 MPH)
|
|
Batting: LHB Pat Shaddock
|
0-0: Ball 1-0: Fly out, F4 (Line Drive, 4MD, EV 65.0 MPH)
|
| Top of the 8th over - 1 run, 2 hits, 0 errors, 1 left on base; Lehigh Valley 3 - Syracuse 4 |
| BOTTOM OF THE 8TH |
|
Syracuse Chiefs batting - Pitching for Lehigh Valley IronPigs : LHP Brian Wildrick
|
|
Pitching: RHP Victor Castillo
|
|
|
Now in RF: Xavier Castellanos
|
|
|
Batting: RHB Willie de los Santos
|
0-0: Ball 1-0: Called Strike 1-1: Ball 2-1: Ball 3-1: Swinging Strike 3-2: Base on Balls
|
|
Batting: RHB Dusty Ballard
|
0-0: Bunt missed! 0-1: Sac Bunt to 23 - play at first, batter OUT! 3-4 Willie de los Santos to second
|
|
Batting: RHB Hisayuki Akiyama
|
0-0: Ball 1-0: Ball 2-0: Called Strike 2-1: Ball 3-1: Ground out 5-3 (Groundball, 56, EV 86.9 MPH)
|
|
Batting: LHB Tim Olsen
|
0-0: Foul Ball, location: 2F 0-1: Ball 1-1: DOUBLE (Line Drive, 9LM, EV 110.0 MPH) Willie de los Santos scores
|
|
Batting: LHB Jae-ik Soung
|
0-0: Ball 1-0: Foul Ball, location: 2F 1-1: Called Strike 1-2: Ground out 4-3 (Groundball, 4, EV 110.6 MPH)
|
| Bottom of the 8th over - 1 run, 1 hit, 0 errors, 1 left on base; Lehigh Valley 3 - Syracuse 5 |
| TOP OF THE 9TH |
|
Lehigh Valley IronPigs batting - Pitching for Syracuse Chiefs : LHP John Murray
|
|
Pitching: RHP Chris Lawrence
|
|
|
Batting: RHB Francisco Viera
|
0-0: Foul Ball, location: 2F 0-1: Ball 1-1: Called Strike 1-2: Ground out U3 (Groundball, 3L, EV 83.1 MPH)
|
|
Batting: LHB Jose Carlos
|
0-0: Ball 1-0: SINGLE (Line Drive, 34, EV 95.0 MPH)
|
|
Batting: RHB Mark Schultz
|
0-0: Swinging Strike 0-1: Ground out 5-3 (Groundball, 56S, EV 71.2 MPH) Jose Carlos to second
|
|
Batting: RHB Melchor Sovrivilla
|
0-0: Swinging Strike 0-1: DOUBLE (Flyball, 78XD, EV 110.0 MPH) Jose Carlos scores
|
|
Batting: RHB Jose Leon
|
0-0: Called Strike 0-1: Ball 1-1: Foul Ball, location: 2F 1-2: 2-RUN HOME RUN (Flyball, 7D, EV 96.2 MPH), Distance : 350 ft
|
|
Batting: RHB Xavier Castellanos
|
0-0: SOLO HOME RUN (Flyball, 7D, EV 101.9 MPH), Distance : 374 ft
|
|
Pitching: RHP Aaron McKinney
|
|
|
Batting: SHB Josh Schultze
|
0-0: Ball 1-0: Foul Ball, location: 2F 1-1: Ball 2-1: Fly out, F7 (Flyball, 7D, EV 103.8 MPH)
|
| Top of the 9th over - 4 runs, 4 hits, 0 errors, 0 left on base; Lehigh Valley 7 - Syracuse 5 |
| BOTTOM OF THE 9TH |
|
Syracuse Chiefs batting - Pitching for Lehigh Valley IronPigs : RHP Victor Castillo
|
|
Pitching: RHP Victor Hurtado
|
|
|
Batting: RHB Antonio Laurel
|
0-0: Called Strike 0-1: Foul Ball, location: 2F 0-2: Ball 1-2: Ball 2-2: Foul Ball, location: 2F 2-2: Strikes out swinging
|
|
Batting: LHB Alexis Cantu
|
0-0: Foul Ball, location: 2F 0-1: Swinging Strike 0-2: Ball 1-2: Strikes out looking
|
|
Pinch Hitting: LHB Kevin Kantor
|
0-0: Called Strike 0-1: Ball 1-1: Foul Ball, location: 2F 1-2: Ball 2-2: Strikes out swinging
|
| Bottom of the 9th over - 0 runs, 0 hits, 0 errors, 0 left on base; Lehigh Valley 7 - Syracuse 5 |
|